 Dungeon Crawl Stone Soup version 0.24.0-1-gfbc8707 (webtiles) character file.

Game seed: 7686364429118998921, levelgen mode: deterministic

34566 Fang the Fighter (level 13, -7/130 HPs)
             Began as a Gargoyle Berserker on Oct 28, 2019.
             Was a High Priest of Trog.
             Mangled by a 14-headed hydra (9 damage)
             ... on level 6 of the Lair of Beasts.
             The game lasted 00:21:19 (14640 turns).

Fang the Fighter (Gargoyle Berserker)              Turns: 14640, Time: 00:21:20

Health: -7/130     AC: 20    Str: 29    XL:     13   Next: 78%
Magic:  4/4        EV: 19    Int: 10    God:    Trog [*****.]
Gold:   1062       SH:  0    Dex:  9    Spells: 12/12 levels left

rFire    . . .     SeeInvis +   M - +6 executioner's axe (antimagic)
rCold    + + +     Gourm    .   (shield currently unavailable)
rNeg     + . .     Faith    .   v - +4 skin of Zhor {Hibernate rC+++ SInv}
rPois    ∞         Spirit   .   (no helmet)
rElec    +         Reflect  .   E - +2 cloak {+Inv}
rCorr    .         Harm     .   (no gloves)
MR       .....                  (no boots)
Stlth    ..........             L - amulet of magic regeneration
HPRegen  0.31/turn              g - +3 ring of evasion
MPRegen  0.34/turn              s - ring of see invisible

@: berserking, very quick
A: negative energy resistance 1, electricity resistance, unbreathing,
petrification resistance, rot immunity, AC +9
a: Berserk, Trog's Hand, Brothers in Arms, Renounce Religion, Evoke Invisibility


You were on level 6 of the Lair of Beasts.
You worshipped Trog.
Trog was extremely pleased with you.
You were very hungry.

You visited 3 branches of the dungeon, and saw 18 of its levels.

You collected 1117 gold pieces.
You spent 55 gold pieces at shops.

Inventory:

Hand Weapons
 a - a +4 war axe
 M - a +6 antimagic executioner's axe (weapon)
Armour
 b - a +3 plate armour
 v - the +4 skin of Zhor (worn) {Hibernate rC+++ SInv}
   (You found it on level 6 of the Dungeon)

   It renders you almost immune to cold.
   It lets you see invisible.
 E - a +2 cloak of invisibility (worn)
Jewellery
 e - an uncursed ring of resist corrosion
 g - a +3 ring of evasion (left hand)
 s - a ring of see invisible (right hand)
 C - an uncursed ring of protection from fire
 K - an uncursed ring of protection from cold
 L - an amulet of magic regeneration (around neck)
Wands
 o - a wand of disintegration (11)
 y - a wand of flame (8)
 A - a wand of iceblast (7)
 B - a wand of enslavement (8)
 D - a wand of digging (5)
 F - a wand of acid (25)
 G - a wand of random effects (15)
 J - a wand of paralysis (11)
Scrolls
 d - 4 scrolls of teleportation
 h - 9 scrolls of remove curse
 j - 2 scrolls of magic mapping
 l - a scroll of fear
 p - a scroll of fog
Potions
 f - 5 potions of curing
 i - 2 potions of ambrosia
 k - 2 potions of might
 m - 3 potions of invisibility
 n - 2 potions of heal wounds
 q - a potion of mutation
 r - a potion of haste
 t - 2 potions of berserk rage
 u - 4 potions of resistance
 x - a potion of magic {unknown}
 I - 2 potions of flight
 N - a potion of agility
Comestibles
 c - 25 rations


   Skills:
 + Level 12.9 Fighting
 + Level 11.1 Axes
 + Level 12.7 Armour
 + Level 10.0 Dodging


You had 12 spell levels left.
You didn't know any spells.
Your spell library was empty.

Dungeon Overview and Level Annotations

Branches:
Dungeon (11/15)            Temple (1/1) D:4            Lair (5/6) D:10
 Shoals (0/4) Lair:4        Snake (0/4) Lair:2
  Slime: Lair:5-6       Orc: D:9-12

Altars:
Ashenzari
Dithmenos
Fedhas
Qazlal
Ru
Sif Muna
Trog
Vehumet
Yredelemnul
Zin

Shops:
D:9 !

Annotations:
Lair:2 3 runed translucent doors, Haxyobbu's ghost, journeyman MiFi


Innate Abilities, Weirdness & Mutations

You are resistant to torment.
Your stone body is resilient. (AC +9)
You are immune to poison.
You resist negative energy. (rN+)
You are resistant to electric shocks. (rElec)
You can survive without breathing.
You are immune to petrification.
You are immune to rotting.


Message History

The 13-headed hydra is almost dead.
You hit the spiny frog.
The crocodile is no longer moving slowly.
The spiny frog closely misses you.
You lop one of the 13-headed hydra's heads off!
The 12-headed hydra grows two more!
You slash the 14-headed hydra!
The 14-headed hydra is almost dead.
You barely miss the spiny frog.
The 14-headed hydra bites you but does no damage.
The 14-headed hydra misses you. The 14-headed hydra bites you.
* * * LOW HITPOINT WARNING * * *
The 14-headed hydra misses you. The 14-headed hydra bites you!
* * * LOW HITPOINT WARNING * * *
The 14-headed hydra bites you but does no damage. x4
The 14-headed hydra bites you.
* * * LOW HITPOINT WARNING * * *
The 14-headed hydra closely misses you. The 14-headed hydra bites you!
* * * LOW HITPOINT WARNING * * *
The 14-headed hydra closely misses you. The 14-headed hydra bites you!
You die...

....... .# #...♣...♣
..# . #.....<.....#.
. ...♣...♣.... . ..
#.........##..
...#.#...t#.....#
#....#.#FD(...#
#.....@....# ......#
####......###
.......##P###.+####
....<......##...##
...........#.....# #
...........♣♣.<.♣...#
..........#♣.....#..#
...........#..♣..# .#
#.....†.....####....#


You could see a 14-headed hydra, a spiny frog and a crocodile.

Vanquished Creatures
  Josephine (Lair:4)
  A hydra (Lair:6)
  3 two-headed ogres
  Urug (D:11)
  A necromancer (Lair:3)
  Pikel (D:5)
  2 oklob plants (Lair:4)
  3 black mambas
  Maurice (D:8)
  Psyche (D:9)
  8 elephants
  12 spiny frogs
  A gargoyle (D:11)
  A kobold demonologist (D:11)
  A rime drake (Lair:4)
  A polar bear (Lair:4)
  Grinder (D:2)
  A slime creature (D:10)
  10 blink frogs
  A meliai zombie (D:10)
  Sigmund (D:6)
  5 hippogriffs
  3 wraiths (Lair:4)
  28 yaks
  A spriggan (D:7)
  A wyvern (Lair:4)
  Eustachio (D:5)
  4 basilisks
  Grum (D:11)
  A hungry ghost (D:9)
  Edmund (D:6)
  A soldier ant (D:11)
  3 nagas (Lair:2)
  11 water moccasins
  11 porcupines
  2 orc warriors
  A sky beast (D:9)
  5 ice beasts
  A slave (D:5)
  5 ogres
  5 wolves
  2 phantoms (D:7)
  2 elephant zombies (Lair:3)
  A necrophage (D:10)
  2 centaurs (D:9)
  10 crocodiles
  A big kobold (D:10)
  16 bullfrogs
  A wyvern zombie (D:8)
  5 scorpions
  A water moccasin skeleton (D:7)
  3 wights (D:7)
  4 killer bees (D:11)
  2 howler monkeys
  2 electric eels (Lair:3)
  3 crimson imps
  3 centaur zombies
  A basilisk zombie (Lair:3)
  A bullfrog zombie (D:8)
  7 jellies
  5 hounds
  12 orc wizards
  4 orc priests
  Crazy Yiuf (D:6)
  A bullfrog skeleton (D:9)
  Jessica (D:3)
  4 hell rats (Lair:2)
  Natasha (thrice) (D:3)
  10 worker ants
  A crocodile zombie (Lair:3)
  2 hound zombies
  A hound skeleton (D:5)
  A worker ant zombie (D:5)
  3 gnolls (D:3)
  8 adders
  A river rat (D:3)
  A shadow imp (D:6)
  19 oozes
  3 adder skeletons
  3 worms
  A dart slug (D:1)
  6 leopard geckos
  38 orcs
  7 giant cockroaches
  4 goblins
  16 hobgoblins
  8 jackals
  4 quokkas
  4 bats
  5 frilled lizards
  5 kobolds
  A leopard gecko skeleton (D:6)
  A quokka zombie (D:5)
  7 rats
  2 fungi
  8 plants
412 creatures vanquished.

Vanquished Creatures (collateral kills)
  A hydra (Lair:4)
  2 merfolk sirens (Lair:4)
  A spiny frog (Lair:4)
  2 merfolk (Lair:4)
6 creatures vanquished.

Vanquished Creatures (others)
  A sky beast (D:7)
  3 fungi
  7 plants
  4 toadstools (D:1)
15 creatures vanquished.

Grand Total: 433 creatures vanquished

Notes
Turn   | Place    | Note
-------+----------+-------------------------------------------
     0 | D:1      | Fang the Gargoyle Berserker began the quest for the Orb.
     0 | D:1      | Reached XP level 1. HP: 14/14 MP: 1/1
   102 | D:1      | Reached XP level 2. HP: 16/19 MP: 2/2
   504 | D:1      | Reached XP level 3. HP: 23/23 MP: 3/3
   914 | D:2      | Reached ** piety under Trog
  1030 | D:2      | Noticed an ogre
  1040 | D:2      | Killed an ogre
  1040 | D:2      | Reached XP level 4. HP: 29/29 MP: 4/4
  1040 | D:2      | Reached XP level 5. HP: 33/33 MP: 5/5
  1250 | D:2      | Found a glowing silver altar of Zin.
  1478 | D:3      | Noticed Grinder
  1497 | D:3      | Paralysed by Grinder for 4 turns
  1505 | D:2      | Paralysed by Grinder for 7 turns
  1521 | D:2      | Killed Grinder
  1521 | D:2      | Reached XP level 6. HP: 13/40 MP: 6/6
  1826 | D:3      | Noticed Natasha
  1829 | D:3      | Reached skill level 5 in Fighting
  1829 | D:3      | Reached XP level 7. HP: 33/44 MP: 7/7
  1833 | D:3      | Killed Natasha
  1833 | D:3      | Noticed Natasha
  1847 | D:3      | Killed Natasha
  2103 | D:3      | Noticed Natasha
  2124 | D:3      | Killed Natasha
  2203 | D:3      | Reached *** piety under Trog
  2261 | D:3      | You fall into a shaft and drop 1 floor!
  2320 | D:3      | Noticed Jessica
  2332 | D:3      | Killed Jessica
  2567 | D:4      | Found a staircase to the Ecumenical Temple.
  2820 | D:4      | Reached skill level 5 in Armour
  2974 | Temple   | Entered the Ecumenical Temple
  3053 | D:4      | Reached XP level 8. HP: 47/51 MP: 8/8
  3155 | D:5      | Entered Level 5 of the Dungeon
  3170 | D:5      | Reached skill level 5 in Axes
  3248 | D:5      | Reached **** piety under Trog
  3292 | D:5      | Noticed Pikel
  3305 | D:5      | Killed Pikel
  3347 | D:5      | Noticed Eustachio
  3363 | D:5      | Killed Eustachio
  3492 | D:5      | Reached XP level 9. HP: 52/56 MP: 9/9
  3641 | D:6      | Found a blossoming altar of Fedhas.
  3673 | D:6      | Reached skill level 5 in Dodging
  3773 | D:6      | Found the +4 skin of Zhor {Hibernate rC+++ SInv}
  3831 | D:6      | Found a runed translucent door.
  3832 | D:6      | Noticed Crazy Yiuf
  3893 | D:6      | Noticed Edmund
  3896 | D:6      | Noticed Sigmund
  3903 | D:6      | Killed Edmund
  3913 | D:6      | Killed Sigmund
  4157 | D:6      | Found a radiant altar of Vehumet.
  4351 | D:6      | Killed Crazy Yiuf
  4761 | D:7      | Found a shattered altar of Ashenzari.
  4799 | D:7      | Reached ***** piety under Trog
  4919 | D:7      | Reached XP level 10. HP: 64/64 MP: 10/10
  5489 | D:8      | Noticed Maurice
  5511 | D:8      | Killed Maurice
  6428 | D:9      | Noticed a two-headed ogre
  6436 | D:9      | Killed a two-headed ogre
  6684 | D:9      | Reached XP level 11. HP: 28/71 MP: 11/11
  7024 | D:9      | Noticed a two-headed ogre
  7024 | D:9      | Noticed Psyche
  7032 | D:9      | Killed a two-headed ogre
  7041 | D:9      | Killed Psyche
  7185 | D:9      | Found a basalt altar of Yredelemnul.
  7185 | D:9      | Found a stormy altar of Qazlal.
  7190 | D:9      | Found a bloodstained altar of Trog.
  7192 | D:9      | Found a shadowy altar of Dithmenos.
  7194 | D:9      | Found a shimmering blue altar of Sif Muna.
  7324 | D:9      | Found Unie's Distillery.
  7470 | D:10     | Entered Level 10 of the Dungeon
  7471 | D:10     | Found a staircase to the Lair.
  7479 | D:10     | Reached skill level 10 in Fighting
  7641 | D:9      | Bought a potion of heal wounds for 55 gold pieces
  7712 | D:10     | Reached skill level 10 in Armour
  7941 | D:10     | Found a shadowy altar of Dithmenos.
  8287 | D:10     | Received a gift from Trog
  8780 | D:11     | Noticed Urug
  8796 | D:11     | Killed Urug
  9187 | D:11     | Found a basalt altar of Yredelemnul.
  9289 | D:11     | Noticed a two-headed ogre
  9302 | D:11     | Killed a two-headed ogre
  9302 | D:11     | Reached XP level 12. HP: 49/79 MP: 12/12
  9419 | D:11     | Noticed Grum
  9428 | D:11     | Killed Grum
  9905 | Lair:1   | Entered Level 1 of the Lair of Beasts
 10855 | Lair:2   | Found a runed translucent gate.
 10855 | Lair:2   | Found a runed translucent gate.
 10855 | Lair:2   | Found a runed translucent gate.
 10855 | Lair:2   | Noticed a 13-headed hydra
 10855 | Lair:2   | Noticed Haxyobbu's ghost (journeyman MiFi)
 10855 | Lair:2   | Noticed an 11-headed hydra
 11022 | Lair:2   | Found a staircase to the Snake Pit.
 11748 | Lair:3   | Reached skill level 10 in Axes
 11752 | Lair:3   | Received a gift from Trog
 12724 | Lair:4   | Reached XP level 13. HP: 57/86 MP: 4/13
 12946 | Lair:4   | Noticed Josephine
 12958 | Lair:4   | Killed Josephine
 13644 | Lair:4   | Found a staircase to the Shoals.
 13883 | Lair:4   | You fall into a shaft and drop 1 floor!
 14370 | Lair:5   | You fall into a shaft and drop 1 floor!
 14370 | Lair:6   | Entered Level 6 of the Lair of Beasts
 14383 | Lair:6   | Reached skill level 10 in Dodging
 14640 | Lair:6   | HP: 2/130 [14-headed hydra (7)]
 14640 | Lair:6   | Mangled by a 14-headed hydra

Levels and vault maps discovered:
D:1:      minmay_arrival_semitransparent, layout_loops_ring,
          hangedman_decor_clover_reticule, minivault_5, minmay_gold_behind_fungi
D:2:      layout_basic, lemuel_crystal_altar, kennysheep_generic_room_13
D:3:      layout_loops_cross, portal_sewer_entry_b, first_ration,
          chequers_serial_rivers_micro_c, saegor_snake_ambush, uniq_jessica,
          uniq_grinder, uniq_natasha
D:4:      minmay_razor_zed, layout_gridville, temple_statues
D:5:      layout_gridville, uniq_pikel, uniq_eustachio
D:6:      layout_basic, lemuel_crystal_altar, vehumet_crystals, uniq_sigmund,
          uniq_crazy_yiuf_cottage, uniq_edmund
D:7:      layout_loops_ring, kennysheep_mini_moat, the_bakery
D:8:      layout_layer_cave, uniq_maurice
D:9:      layout_loops_ring, chequers_temple_overflow_minitemple, serial_shops,
          kennysheep_mini, uniq_psyche
D:10:     lemuel_slime, layout_small_grid, minmay_lair_entry_grove, basic_altar
D:11:     layout_layer_cave, yredelemnul_altar_generic, uniq_grum, uniq_urug
Temple:   dshaligram_water_room_temple
Lair:1:   layout_small_grid
Lair:2:   layout_loops_ring, minmay_snake_entry_guardpost_small,
          gammafunk_ghost_hydra_chop, grunt_megastairs_3
Lair:3:   pond_and_an_island_with_a_cottage, layout_loops_ring
Lair:4:   layout_regular_city, elwin_shoals_entry_stream,
          infiniplex_staircase_pool_2, lemuel_fruit_fields, grunt_megastairs_5,
          minmay_lair_oklob_chamber, serial_bayou_shore_a, uniq_josephine
Lair:5:   layout_small_grid, slime_altar_1
Lair:6:   guppyfry_lair_end_dragon, layout_cave_pods, wormcave,
          grunt_megastairs_2, infiniplex_staircase_pool

Skill      XL: |  1  2  3  4  5  6  7  8  9 10 11 12 13 |
---------------+----------------------------------------+-----
Axes           | 3 4 5 6 8 9 10 11 | 11.1
Dodging        | 2 3 4 5 7 8 9 10 | 10.0
Fighting       | 4 5 6 8 9 10 12 | 12.9
Armour         | 3 4 5 6 7 9 10 11 12 | 12.7

Action                   |  1- 3 |  4- 6 |  7- 9 | 10-12 | 13-15 || total
-------------------------+-------+-------+-------+-------+-------++-------
Melee: Hand axe          |    93 |    78 |    66 |       |       ||   237
       War axe           |       |       |   380 |   744 |       ||  1124
       Executioner's axe |       |       |       |    84 |   178 ||   262
Invok: Berserk           |     1 |     2 |     1 |     6 |     5 ||    15
       Trog's Hand       |       |       |       |     1 |     2 ||     3
       Brothers in Arms  |       |       |       |       |     1 ||     1
  Use: Scroll            |       |       |       |    27 |     8 ||    35
       Potion            |       |       |       |     2 |     1 ||     3
 Stab: Sleeping          |       |       |     1 |       |       ||     1
  Eat: Chunk             |       |     4 |    13 |    29 |    12 ||    58
       Ration            |       |       |       |     1 |       ||     1
Armor: Animal skin       |    30 |     9 |    44 |   264 |   137 ||   484
       Plate armour      |       |    72 |   233 |       |       ||   305
Dodge: Dodged            |    72 |    54 |   237 |   669 |   275 ||  1307
